 Dungeon Crawl Stone Soup version 0.28-a0-313-gbc0475efdd (webtiles) character file.

Game seed: 17054149578762731251

273 bande the Covered (level 6, -1/38 HPs)
             Began as a Gargoyle Fighter on Aug 31, 2021.
             Was an Initiate of Okawaru.
             Slain by a gnoll (7 damage)
             ... on level 7 of the Dungeon.
             The game lasted 00:08:15 (3619 turns).

bande the Covered (Gargoyle Fighter)                Turns: 3619, Time: 00:08:16

Health: -1/38      AC: 15    Str: 21    XL:     6   Next: 24%
Magic:  6/6        EV:  5    Int:  8    God:    Okawaru [......]
Gold:   188        SH:  8    Dex: 10    Spells: 5/5 levels left

rFire   . . .      SeeInvis .   a - +0 war axe
rCold   . . .      Faith    .   c - +0 kite shield
rNeg    + . .      Spirit   .   j - +0 chain mail
rPois   ∞          Reflect  .   (no helmet)
rElec   +          Harm     .   (no cloak)
rCorr   .          Rampage  .   i - +0 pair of gloves
Will    .....                   (no boots)
Stlth   ..........              (no amulet)
HPRegen 0.12/turn               (no ring)
MPRegen 0.10/turn               (no ring)

@: no status effects
A: sickness immunity, AC +4, negative energy resistance 1, electricity
resistance, torment resistance 1, petrification resistance
a: Renounce Religion


You were on level 7 of the Dungeon.
You worshipped Okawaru.
Okawaru was noncommittal.
You visited 2 branches of the dungeon, and saw 7 of its levels.

You collected 188 gold pieces.

Inventory:

Hand Weapons
 a - a +0 war axe (weapon)
Armour
 c - a +0 kite shield (worn)
 i - a +0 pair of gloves (worn)
 j - a +0 chain mail (worn)
Scrolls
 b - a scroll of enchant weapon {unknown}
 e - 2 scrolls of identify
 f - a scroll of magic mapping
Potions
 d - 2 potions of might
 g - a potion of resistance
 h - a potion of curing


   Skills:
 + Level 4.2 Fighting
 + Level 3.9 Axes
 + Level 4.4 Armour
 - Level 0.4 Dodging
 + Level 4.3 Shields


You had 5 spell levels left.
You didn't know any spells.
Your spell library contained the following spells:

 Spells                   Type           Power      Damage    Failure   Level
 Pain                     Necr           0%         1d4       100%        1
 Vampiric Draining        Necr           0%         2d6       100%        3
 Animate Skeleton         Necr           Unusable   N/A       N/A         1

Dungeon Overview and Level Annotations

Branches:
Dungeon (7/15)             Temple (1/1) D:4

Altars:
Elyvilon
Fedhas
Gozag
Kikubaaqudgha
Makhleb
Nemelex Xobeh
Okawaru
Sif Muna
Trog


Innate Abilities, Weirdness & Mutations

You are immune to sickness and miasma.
Your stone body is resilient. (AC +4)
You are immune to poison.
You resist negative energy. (rN+)
You are resistant to electric shocks. (rElec)
You are resistant to unholy torment.
You are immune to petrification.


Message History

The gnoll sergeant shouts!
The gnoll shouts! x4
Found 25 gold pieces and a robe.
There is a stone staircase leading down here.
Unknown command.
You block the gnoll's attack. x2
The gnoll sergeant hits you from afar with a +0 spear.
You climb downwards.
There is a stone staircase leading up here.
Unknown command.
You closely miss the gnoll. You hit the gnoll. You block the gnoll's attack. x2
You hit the gnoll but do no damage. You barely miss the gnoll.
You block the gnoll's attack. The gnoll hits you with a +0 halberd.
The gnoll hits you but does no damage. You block the gnoll's attack.
Unknown command.
You barely miss the gnoll. You hit the gnoll but do no damage.
The gnoll hits you with a +2 flail of protection!
You block the gnoll's attack.
Unknown command.
Your shield and chain mail prevent you from hitting the gnoll.
You closely miss the gnoll. The gnoll hits you but does no damage.
The gnoll hits you with a +0 halberd! The gnoll hits you with a +0 halberd.
The gnoll hits you but does no damage.
Unknown command.
You hit the gnoll.
The gnoll is lightly wounded.
You hit the gnoll but do no damage. The gnoll completely misses you.
The gnoll hits you with a +0 halberd!
* * * LOW HITPOINT WARNING * * *
You completely miss the gnoll.
The gnoll is moderately wounded.
You slash the gnoll!
The gnoll hits you with a +2 flail of protection.
* * * LOW HITPOINT WARNING * * *
The gnoll barely misses you. You block the gnoll's attack.
The gnoll hits you but does no damage.
You barely miss the gnoll.
The gnoll is moderately wounded.
You closely miss the gnoll.
The gnoll hits you with a +2 flail of protection!
You die...

##+## ##...##
##.....##
##.......##
#.........###.
+..g..........
#..@g.........
##........###
##.....#.#
##...## #
##'## #.# #.#
##.## ##...##


You could see 2 gnolls.

Vanquished Creatures
  A sky beast (D:3)
  A hound (D:4)
  A bullfrog skeleton (D:4)
  Natasha (D:4)
  A howler monkey zombie (D:7)
  An adder (D:3)
  2 adder skeletons (D:4)
  A worm (D:2)
  4 dart slugs
  An orc (D:3)
  5 endoplasms
  9 goblins
  7 hobgoblins
  7 jackals
  5 quokkas
  5 ball pythons
  11 bats
  5 frilled lizards
  3 kobolds
  3 rats
74 creatures vanquished.

Vanquished Creatures (others)
  A draconian (D:1)
  An octopode (D:1)
  2 gargoyles (D:1)
  A merfolk (D:1)
  2 spriggans (D:1)
  A formicid (D:1)
  A human (D:1)
  A dwarf (D:1)
  3 tengu (D:1)
  A barachi (D:1)
  An orc (D:1)
  9 tentacles (D:1)
24 creatures vanquished.

Grand Total: 98 creatures vanquished

Notes
Turn   | Place    | Note
-------+----------+-------------------------------------------
     0 | D:1      | bande the Gargoyle Fighter began the quest for the Orb.
     0 | D:1      | Reached XP level 1. HP: 14/14 MP: 1/1
     2 | D:1      | Noticed an octopode
     2 | D:1      | Noticed a tengu
     2 | D:1      | Noticed a draconian
     2 | D:1      | Noticed a gargoyle
     2 | D:1      | Noticed a dwarf
     2 | D:1      | Noticed a gargoyle
     2 | D:1      | Noticed a merfolk
     2 | D:1      | Noticed a kraken
     2 | D:1      | Noticed a spriggan
     2 | D:1      | Noticed a tengu
     2 | D:1      | Noticed a formicid
     2 | D:1      | Noticed a barachi
     2 | D:1      | Noticed a human
     2 | D:1      | Noticed a spriggan
     2 | D:1      | Noticed a tengu
     4 | D:1      | Killed a gargoyle
    11 | D:1      | Killed an octopode
    12 | D:1      | Killed a gargoyle
    13 | D:1      | Killed a barachi
    14 | D:1      | Killed a tengu
    16 | D:1      | Killed a draconian
    16 | D:1      | Killed a dwarf
    16 | D:1      | Killed a tengu
    17 | D:1      | Killed a merfolk
    17 | D:1      | Killed a human
    18 | D:1      | Killed a spriggan
    18 | D:1      | Killed a spriggan
    21 | D:1      | Killed a tengu
    26 | D:1      | Killed a formicid
   182 | D:1      | Reached XP level 2. HP: 19/19 MP: 2/2
   598 | D:1      | Reached XP level 3. HP: 24/24 MP: 3/3
  1385 | D:2      | Found a white marble altar of Elyvilon.
  2144 | D:3      | Noticed a sky beast
  2159 | D:3      | Reached XP level 4. HP: 27/29 MP: 4/4
  2166 | D:3      | Killed a sky beast
  2167 | D:3      | Reached XP level 5. HP: 32/33 MP: 5/5
  3140 | D:4      | Reached XP level 6. HP: 32/38 MP: 6/6
  3320 | D:4      | Noticed Natasha
  3329 | D:4      | Killed Natasha
  3394 | D:4      | Found a staircase to the Ecumenical Temple.
  3401 | Temple   | Entered the Ecumenical Temple
  3418 | Temple   | Became a worshipper of Warmaster Okawaru
  3532 | D:4      | You fall into a shaft and drop 3 floors!
  3619 | D:7      | Slain by a gnoll

Illustrated notes

Levels and vault maps discovered:
D:1:      nicolae_arrival_kraken_aquarium_b, layout_loops_cross,
          chequers_serial_rivers_micro_d
D:2:      layout_basic, basic_altar
D:3:      layout_basic, kennysheep_nub, minmay_randomly_rotated_circles
D:4:      minmay_spotlight, layout_layer_cave,
          mainiacjoe_overflow_cross_hatched, temple_green, uniq_natasha
D:6:      layout_basic
D:7:      layout_loops_corners, serial_shops, kennysheep_little_box,
          kennysheep_mini, nicolae_take_the_stairs, nicolae_shop_trees
Temple:   dshaligram_water_room_temple

Skill      XL: |  1  2  3  4  5 |
---------------+----------------+-----
Axes           | 2 3 |  3.9
Fighting       | 4 |  4.2
Armour         | 4 |  4.4
Shields        | 4 |  4.3
Dodging        | |  0.4

Action                   |  1- 3 |  4- 6 || total
-------------------------+-------+-------++-------
Melee: War axe           |   138 |   102 ||   240
  Use: Scroll            |     2 |     5 ||     7
       Potion            |     1 |       ||     1
Armor: Scale mail        |   118 |    53 ||   171
       Chain mail        |       |    12 ||    12
Dodge: Dodged            |    51 |    43 ||    94
Block: Kite shield       |    88 |    62 ||   150

Table legend: (Time is in decaauts)
 A = Elapsed time spent in this place.
 B = Non-inter-level travel time spent in this place.
 C = Inter-level travel time spent in this place.
 D = Time resting spent in this place.
 E = Time spent auto-exploring this place.
 F = Levels seen in this place.
 G = Mean time per level.
                   A        B        C        D        E       F      G
               +--------+--------+--------+--------+--------+-----+--------+
         Total |   3738 |   3652 |     86 |    342 |   2398 |   7 |  534.0 |
       Dungeon |   3699 |   3613 |     86 |    342 |   2398 |   6 |  616.5 |
        Temple |     39 |     39 |      0 |      0 |      0 |   1 |   39.0 |
               +--------+--------+--------+--------+--------+-----+--------+

Top non-repeatable levels by time:
     D:1: 1105 daAuts
     D:2: 1043 daAuts
     D:3: 862 daAuts
     D:4: 593 daAuts
     D:7: 92 daAuts
  Temple: 39 daAuts
     D:6: 1 daAuts
